 Dungeon Crawl Stone Soup version 0.29-a0-555-g3b24f45cc1 (webtiles) character file.

Game seed: 10151624789539137177

11394 spaghetti the Warrior (level 11, -13/121 HPs)
             Began as an Ogre Wanderer on June 7, 2022.
             Was a Believer of Hepliaklqana.
             Mangled by a troll simulacrum (18 damage)
             ... in an ice cave.
             The game lasted 00:16:24 (12251 turns).

spaghetti the Warrior (Ogre Wanderer)              Turns: 12251, Time: 00:16:25

Health: -13/121    AC:  4    Str: 24    XL:     11   Next: 77%
Magic:  11/11      EV:  9    Int: 11    God:    Hepliaklqana [**....]
Gold:   436        SH:  0    Dex: 13    Spells: 10/10 levels left

rFire   . . .      SeeInvis .   s - +8 falchion of Oppuod {distort, Str+2 Dex+3, long}
rCold   . . .      Faith    .   (no shield)
rNeg    . . .      Spirit   .   c - +1 robe
rPois   .          Reflect  .   (helmet restricted)
rElec   .          Harm     .   (no cloak)
rCorr   .          Rampage  .   (gloves unavailable)
Will    +....                   (boots unavailable)
Stlth   ++........              (no amulet)
HPRegen 1.10/turn               i - +4 ring of slaying
MPRegen 0.12/turn               (no ring)

@: no status effects
A: reduced essence, large, unfitting armour, tough skin 1, horns 1, regeneration
1, subdued magic 1
a: Renounce Religion, Recall Ancestor, Ancestor Identity


You were in an ice cave.
You worshipped Hepliaklqana.
Hepliaklqana was pleased with you.
You visited 3 branches of the dungeon, and saw 12 of its levels.
You also visited: Ice Cave.

You collected 576 gold pieces.
You spent 140 gold pieces at shops.


Innate Abilities, Weirdness & Mutations

Your life essence is reduced to manifest your ancestor. (-10% HP)
You are too large for most types of armour.
You have tough skin. (AC +1)
You have a pair of small horns on your head.
Your natural rate of healing is unusually fast.
Your spells are a little easier to cast, but a little less powerful.


   Skills:
 - Level 16.2 Fighting
 - Level 2.6(9.4) Short Blades
 - Level 13.8(14.0) Long Blades
 - Level 2.0 Staves
 + Level 4.2 Throwing
 - Level 1.3 Dodging
 - Level 1.0 Stealth


You had 10 spell levels left.
You didn't know any spells.
Your spell library contained the following spells:

 Spells                   Type           Power      Damage    Failure   Level
 Foxfire                  Conj/Fire      0%         2x1d4     30%         1
 Freeze                   Ice            0%         1d3       30%         1
 Ensorcelled Hibernation  Hex/Ice        0%         N/A       43%         2
 Passwall                 Tmut/Erth      0%         N/A       43%         2
 Sublimation of Blood     Necr           0%         N/A       43%         2
 Conjure Flame            Conj/Fire      0%         6-21      67%         3
 Frozen Ramparts          Ice            0%         1d2       67%         3
 Inner Flame              Hex/Fire       0%         N/A       67%         3
 Swiftness                Air            0%         N/A       67%         3
 Flame Wave               Conj/Fire      0%         2d4       97%         4
 Hailstorm                Conj/Ice       0%         3d3       97%         4
 Petrify                  Tmut/Erth      0%         N/A       97%         4
 Summon Lightning Spire   Summ/Air       0%         N/A       97%         4
 Irradiate                Conj/Tmut      0%         3d13      100%        5
 Storm Form               Tmut/Air       0%         N/A       100%        7
 Maxwell's Capacitive Co  Air            0%         โˆž       100%        8

Inventory:

Hand Weapons
 a - a +0 rapier {short}
 b - a +1 quarterstaff {staff}
 s - the +8 falchion of Oppuod (weapon) {distort, Str+2 Dex+3, long}
   (You found it on level 2 of the Dungeon)

   It warps and distorts space around it, and may blink, banish, or inflict
   extra damage upon those it strikes.
   Unwielding it can cause banishment or high damage.
   Str:       It affects your strength (+2).
   Dex:       It affects your dexterity (+3).
 C - a -1 double sword {longrare=g}
   (You bought it in a shop on level 4 of the Dungeon)
 I - the +11 hand axe "Wittyed" {venom, rElec rN+, axe}
   (You found it on level 6 of the Dungeon)

   It poisons the flesh of those it strikes.
   rElec:     It insulates you from electricity.
   rN:        It protects you from negative energy.
Missiles
 m - 202 stones (quivered) {throwing}
 v - 49 poisoned darts {throwing}
 y - 3 large rocks {=fthrowing}
 F - 5 boomerangs {throwing}
 J - 2 throwing nets {=f!fthrowing}
 M - a curare-tipped dart {=fthrowing}
 P - 3 javelins {throwing}
Armour
 c - a +1 robe (worn)
Magical Staves
 O - a staff of earth {!astaff}
   (You found it on level 9 of the Dungeon)
Jewellery
 g - a ring of fire
   (You found it on level 1 of the Dungeon)
 i - a +4 ring of slaying (left hand)
   (You found it on level 1 of the Dungeon)
 t - an amulet of magic regeneration {@e2}
   (You found it on level 2 of the Dungeon)
Wands
 w - a wand of iceblast (7)
   (You took it off a kobold on level 3 of the Dungeon)
 x - a wand of paralysis (9)
   (You found it on level 3 of the Dungeon)
 K - a wand of flame (12)
   (You found it on level 6 of the Dungeon)
 L - a wand of digging (4)
   (You found it on level 8 of the Dungeon)
Scrolls
 d - a scroll of silence {!r}
 k - 5 scrolls of fog
 n - 7 scrolls of vulnerability {!r!r}
 o - 3 scrolls of teleportation {@r4}
 r - 2 scrolls of immolation {!r!r}
 u - 3 scrolls of magic mapping {!r}
 E - 2 scrolls of torment {!r}
 H - 4 scrolls of poison {!r}
 N - a scroll of enchant armour
Potions
 e - 5 potions of attraction {!q}
 f - 4 potions of lignification {!q}
 h - a potion of curing {@q1}
 j - a potion of berserk rage {!q}
 l - 2 potions of mutation {!q}
 p - 3 potions of degeneration {unknown}
 q - 6 potions of heal wounds {unknown}
 z - 3 potions of magic {unknown}
 A - 6 potions of haste {@q3}
 B - a potion of brilliance {unknown}
 D - a potion of cancellation {unknown}
 G - 4 potions of flight {unknown}

Dungeon Overview and Level Annotations

Branches:
Dungeon (10/15)            Temple (1/1) D:7            Lair (1/6) D:10
    Orc (0/2) D:10          IceCv (1/1)

Altars:
Ashenzari
Cheibriados
Dithmenos
Elyvilon
Fedhas
Gozag
Hepliaklqana
Kikubaaqudgha
Makhleb
Nemelex Xobeh
Okawaru
Qazlal
Ru
Sif Muna
Trog
Uskayaw
Vehumet
Wu Jian
Xom
Yredelemnul
Zin
The Shining One

Shops:
D:4 *   D:7 [

Annotations:
D:7 2 transporters, Farfigtubin's ghost, novice SpCj

## .
####Z###..#
###..RZ....#
#..โˆฉ.@ยง..#
#.โˆฉ....#.##
#..##### #
###


You could see the friendly Artakama the knight, a naga simulacrum and a troll
simulacrum (ally target).


Message History

You regained 2 hp, and now have 70/121 hp.
The blink frog blinks! ๐Ÿ˜ฎ HP[+1]
The blink frog blinks! ๐Ÿ˜ฎ HP[+1] Artakama hits the blink frog with a +0 flail!
The blink frog dies!
Your Throwing skill increases to level 4! ๐Ÿ˜ฎ HP[+1] ๐Ÿ˜ฎ HP[+1]
You are too injured to fight recklessly!
Key pressed, stopping explore.
You hear the quick rumble of an avalanche of rocks very nearby.
You hear the steady crackling of a distant melting archway.
m - 201 stones {throwing} (gained 1)
You swap places.
You see here a blink frog corpse.
You see here a blink frog corpse.
r - 2 scrolls of immolation {!r!r} (gained 1) Key pressed, stopping explore.
Unknown command. ๐Ÿ˜Ž HP[+47]
Your hp is fully restored (121).
Unknown command.
m - 202 stones {throwing} (gained 1)
You swap places.
y - 3 large rocks {=fthrowing} (gained 1)
A bullfrog comes into view.
A bullfrog is nearby!
A bullfrog is nearby!
A bullfrog is nearby!
Unknown command.
The bullfrog gives a loud, deep croak!
You slash the bullfrog! Your headbutt misses the bullfrog.
The bullfrog blinks!
The bullfrog hits you but does no damage.
The bullfrog closely misses you.
You slash the bullfrog!
Space warps around the bullfrog.
Your headbutt misses the bullfrog.
The bullfrog hits you but does no damage.
You slash the bullfrog!
You kill the bullfrog!
No target in view!
No target in view!
No target in view!
No target in view!
No target in view!
No target in view!
No target in view!
No target in view!
No target in view!
No target in view!
No target in view!
No target in view!
Found a frozen archway.
There is a frozen archway here.
The world spins around you as you enter the gateway.
You enter an ice cave!
The ufetubus shouts!
Found an ice covered gate leading back out of this place.
There is an ice choked empty arch of ancient stone here.
Unknown command.
Unknown command.
There are monsters nearby!
The white imp gestures at you. The puff of frost hits you. ๐Ÿ˜• HP[-3]
You take 3 damage, and now have 118/121 hp.
The ufetubus hits you. The ufetubus barely misses you.
The troll simulacrum bites you! The troll simulacrum freezes you!
The troll simulacrum barely misses you. The troll simulacrum claws you.
The troll simulacrum freezes you!! The ufetubus closely misses you.
The ufetubus hits you.
You are too injured to fight recklessly! ๐Ÿ˜ฎ HP[-40]
You take 40 damage, and now have 78/121 hp.
MASSIVE DAMAGE!! (PAUSE) Unknown command.
You slash the ufetubus!
You kill the ufetubus!
The troll simulacrum bites you. The troll simulacrum freezes you!
* * * LOW HITPOINT WARNING * * *
The troll simulacrum barely misses you. The troll simulacrum misses you.
Artakama completely misses the white imp. ๐Ÿ˜จ HP[-19]
You take 19 damage, and now have 59/121 hp.
You slash the white imp!
You kill the white imp!
You slash the naga simulacrum!
The naga simulacrum blinks!
The troll simulacrum bites you!
* * * LOW HITPOINT WARNING * * *
The troll simulacrum freezes you!
* * * LOW HITPOINT WARNING * * *
The troll simulacrum claws you.
* * * LOW HITPOINT WARNING * * *
The troll simulacrum freezes you!!
* * * LOW HITPOINT WARNING * * *
The troll simulacrum claws you.
* * * LOW HITPOINT WARNING * * *
The troll simulacrum freezes you!!
You die...

Skill      XL: |  1  2  3  4  5  6  7  8  9 10 11 |
---------------+----------------------------------+-----
Fighting       | 3 4 10 16 | 16.2
Long Blades    | 2 3 4 5 7 9 12 13 | 13.8
Throwing       | 4 |  4.2
Short Blades   | |  2.6
Staves         | |  2.0
Dodging        | |  1.3
Stealth        | |  1.0

Action                   |  1- 3 |  4- 6 |  7- 9 | 10-12 || total
-------------------------+-------+-------+-------+-------++-------
Melee: Quarterstaff      |    49 |       |       |       ||    49
       Falchion          |    24 |    56 |   192 |   169 ||   441
       Punch             |       |       |     1 |     1 ||     2
       Headbutt          |       |       |     5 |    32 ||    37
Throw: Stone             |    35 |    82 |   183 |   105 ||   405
       Large rock        |       |       |       |     1 ||     1
Invok: Ancestor Identity |       |       |     1 |       ||     1
       Ancestor Life: Kn |       |       |       |     1 ||     1
Evoke: Wand              |       |       |     2 |     2 ||     4
  Use: Scroll            |       |    11 |     7 |     7 ||    25
       Potion            |       |       |     5 |     2 ||     7
 Stab: Sleeping          |     1 |       |       |       ||     1
Armor: Robe              |    49 |     7 |    43 |    34 ||   133
       Skin              |       |       |    18 |       ||    18
Dodge: Dodged            |    49 |    19 |    82 |    73 ||   223

Levels and vault maps discovered:
D:1:      saegor_arrival_fortress, layout_basic,
          shapermc_ecumenical_altar_hornbeckon, minmay_pentomino_s4
D:2:      layout_loops_ring, basic_altar
D:3:      cheibrodos_old_hovel, layout_loops_corners, kennysheep_generic_room_4
D:4:      layout_basic, portal_sewer_entry_e, minmay_shop_damaged,
          kennysheep_generic_room_6
D:5:      layout_layer_cave
D:6:      layout_cave_pools, minivault_4
D:7:      layout_gridville, minmay_temple_entry_enclosed_plants,
          gammafunk_ghost_smash, serial_shops, nicolae_shop_statue_plus,
          wad_rectangle_vault
D:8:      layout_loops_ring, palyth_temple_overflow_mages,
          grunt_temple_overflow_diamond, grunt_ministairs_12
D:9:      layout_irregular_city, serial_glass, glass_columns_a, glass_columns_a,
          item_on_display_a, minmay_strange_pillars, minmay_strange_pillars,
          uniq_pikel
D:10:     layout_basic, due_lair_maze_entry_diamond, david_orc_2
Temple:   lightli_temple_of_artemis
Lair:1:   layout_layer_cave, portal_ice_cave_entry_pillars_2,
          lightli_volcano_entry_magma_tube, grunt_megastairs_3
IceCv:    ice_cave_caverns_02

Notes
Turn   | Place    | Note
-------+----------+-------------------------------------------
     0 | D:1      | spaghetti the Ogre Wanderer began the quest for the Orb.
     0 | D:1      | spaghetti set off with the following items: a +0 rapier
                  | {short}, a +0 quarterstaff {staff}, a +0 robe, a scroll of
                  | fear
     0 | D:1      | Reached XP level 1. HP: 22/22 MP: 1/1
     0 | D:1      | magus.rc [v1.9.6]
    50 | D:1      | Reached skill level 3 in Fighting
   359 | D:1      | Reached XP level 2. HP: 31/31 MP: 2/2
   550 | D:1      | Reached skill level 4 in Fighting
   754 | D:1      | Found a faded altar of an unknown god.
  1068 | D:2      | Identified the +8 falchion of Oppuod {distort, Str+2 Dex+3}
  1138 | D:2      | Found a bloodstained altar of Trog.
  1161 | D:2      | Reached XP level 3. HP: 32/39 MP: 3/3
  1164 | D:2      | Reached skill level 1 in Long Blades
  1439 | D:3      | Reached skill level 2 in Long Blades
  1439 | D:3      | Reached XP level 4. HP: 30/48 MP: 4/4
  2053 | D:3      | You pick up a book of Flames and begin reading...
  2053 | D:3      | You add the spells Foxfire, Conjure Flame, Inner Flame and
                  | Flame Wave to your library.
  2391 | D:3      | Reached skill level 3 in Long Blades
  2829 | D:4      | Reached XP level 5. HP: 54/54 MP: 5/5
  2850 | D:4      | Reached skill level 4 in Long Blades
  3308 | D:4      | Reached XP level 6. HP: 59/62 MP: 6/6
  3312 | D:4      | Reached skill level 5 in Long Blades
  3450 | D:4      | Found Benuic's Lightly-Used Armoury.
  3756 | D:4      | Reached XP level 7. HP: 70/70 MP: 7/7
  3865 | D:5      | Entered Level 5 of the Dungeon
  3883 | D:5      | Reached skill level 6 in Long Blades
  4033 | D:4      | Bought a -1 double sword for 140 gold pieces
  4033 | D:4      | C - a -1 double sword {longrare=g}
  4248 | D:5      | Reached skill level 7 in Long Blades
  4741 | D:5      | You pick up a book of Burglary and begin reading...
  4741 | D:5      | You add the spells Passwall, Ensorcelled Hibernation and
                  | Swiftness to your library.
  5692 | D:6      | Identified the +11 hand axe "Wittyed" {venom, rElec rN+}
  5700 | D:6      | Reached XP level 8. HP: 77/78 MP: 8/8
  5780 | D:6      | Reached skill level 8 in Long Blades
  6713 | D:7      | Reached skill level 9 in Long Blades
  6906 | D:7      | You pick up a book of Alchemy and begin reading...
  6906 | D:7      | You add the spells Sublimation of Blood, Petrify and
                  | Irradiate to your library.
  6952 | D:7      | Noticed Farfigtubin's ghost (novice SpCj)
  6954 | D:7      | Found a transporter.
  6954 | D:7      | Identified the +5 giant spiked club "Tieqodgh" {freeze,
                  | Drain rF+ Int+2}
  6954 | D:7      | Noticed a two-headed ogre
  6959 | D:7      | Found a transporter.
  7333 | D:7      | Found a staircase to the Ecumenical Temple.
  7358 | D:7      | Reached XP level 9. HP: 84/84 MP: 9/9
  7371 | Temple   | Entered the Ecumenical Temple
  7465 | Temple   | Became a worshipper of Hepliaklqana the Forgotten
  7500 | D:7      | Found Zenakis's Armour Shoppe.
  7534 | D:7      | Reached skill level 10 in Long Blades
  8504 | D:8      | Reached skill level 11 in Long Blades
  8569 | D:8      | HP: 21/84 [poisoned by a killer bee]
  8869 | D:8      | Gained mutation: Your spells are a little easier to cast,
                  | but a little less powerful. [potion of mutation]
  8869 | D:8      | Gained mutation: You have a pair of small horns on your
                  | head. [potion of mutation]
  8869 | D:8      | Gained mutation: Your natural rate of healing is unusually
                  | fast. [potion of mutation]
  9295 | D:8      | Found a radiant altar of Vehumet.
  9308 | D:8      | Found an ancient bone altar of Kikubaaqudgha.
  9316 | D:8      | Found a shimmering blue altar of Sif Muna.
  9459 | D:8      | Found a sacrificial altar of Ru.
  9463 | D:8      | Found a sparkling altar of Nemelex Xobeh.
  9468 | D:8      | Found a hide-covered altar of Uskayaw.
  9556 | D:8      | Reached skill level 12 in Long Blades
  9602 | D:9      | Reached * piety under Hepliaklqana
  9655 | D:9      | Reached XP level 10. HP: 72/83 MP: 10/10
  9856 | D:9      | You pick up a book of Frost and begin reading...
  9856 | D:9      | You add the spells Freeze, Frozen Ramparts and Hailstorm to
                  | your library.
  9857 | D:9      | Identified a scroll of acquirement
  9858 | D:9      | Acquired a manual of Fighting
  9988 | D:9      | Noticed Pikel
 10012 | D:9      | Killed Pikel
 10013 | D:9      | Reached skill level 13 in Long Blades
 10463 | D:10     | Entered Level 10 of the Dungeon
 10525 | D:9      | HP: 18/83 [yak (8)]
 10525 | D:9      | HP: 5/83 [yak (13)]
 10542 | D:9      | HP: 17/83 [yak (3)]
 10547 | D:9      | HP: 18/83 [yak (1)]
 10696 | D:10     | Reached ** piety under Hepliaklqana
 10729 | D:10     | Remembered your ancestor Artakama as a knight
 10742 | D:10     | Reached skill level 5 in Fighting
 10744 | D:10     | Reached skill level 6 in Fighting
 10795 | D:10     | Noticed a gargoyle
 10807 | D:10     | Killed a gargoyle
 10808 | D:10     | Reached skill level 8 in Fighting
 10927 | D:10     | Reached skill level 9 in Fighting
 10935 | D:10     | Reached skill level 10 in Fighting
 10936 | D:10     | HP: 23/99 [bullfrog (7)]
 10938 | D:10     | Reached XP level 11. HP: 20/107 MP: 11/11
 10941 | D:10     | HP: 16/107 [black bear (5)]
 10944 | D:10     | Reached skill level 11 in Fighting
 10945 | D:10     | Found a staircase to the Orcish Mines.
 11088 | D:10     | Reached skill level 12 in Fighting
 11107 | D:10     | Found a staircase to the Lair.
 11115 | D:10     | Reached skill level 13 in Fighting
 11210 | D:10     | Noticed a two-headed ogre
 11225 | D:10     | Killed a two-headed ogre
 11226 | D:10     | Reached skill level 14 in Fighting
 11618 | D:10     | Reached skill level 15 in Fighting
 11787 | Lair:1   | Entered Level 1 of the Lair of Beasts
 11792 | Lair:1   | You pick up a book of the Sky and begin reading...
 11792 | Lair:1   | You add the spells Summon Lightning Spire, Storm Form and
                  | Maxwell's Capacitive Coupling to your library.
 11843 | Lair:1   | Reached skill level 16 in Fighting
 11896 | Lair:1   | Reached skill level 1 in Throwing
 11926 | Lair:1   | Reached skill level 2 in Throwing
 12126 | Lair:1   | Reached skill level 3 in Throwing
 12151 | Lair:1   | Reached skill level 4 in Throwing
 12236 | Lair:1   | Found a frozen archway.
 12246 | IceCv    | Entered an ice cave
 12251 | IceCv    | HP: 29/121 [troll simulacrum (6)]
 12251 | IceCv    | HP: 9/121 [troll simulacrum (20)]
 12251 | IceCv    | Mangled by a troll simulacrum

Vanquished Creatures
  A two-headed ogre (D:10)
  Pikel (D:9)
  3 gargoyles (D:10)
  A dream sheep (Lair:1)
  4 blink frogs (Lair:1)
  A shadow (D:10)
  A wraith (D:9)
  8 yaks
  A wyvern (D:9)
  A steam dragon (D:8)
  4 vampire mosquitoes (D:10)
  A water moccasin (Lair:1)
  A sky beast (D:6)
  3 orc warriors
  3 ice beasts
  3 black bears (D:10)
  An ogre (D:7)
  2 centaurs
  4 lemures (D:9)
  7 bullfrogs
  3 kobold brigands
  A scorpion (D:10)
  A necrophage (D:5)
  15 killer bees
  An electric eel (D:6)
  3 howler monkeys
  5 hounds
  3 jellies
  9 orc priests
  3 gnoll shamans
  6 iguanas
  15 orc wizards
  16 gnolls
  8 adders
  3 river rats (D:4)
  A shadow imp (D:5)
  4 white imps
  An ufetubus (IceCv)
  2 worms
  4 dart slugs
  35 orcs
  11 ball pythons
  6 endoplasms
  A giant cockroach (D:4)
  9 goblins
  4 hobgoblins (D:1)
  4 jackals (D:2)
  A quokka (D:5)
  5 bats
  4 frilled lizards
  24 kobolds
  6 rats
265 creatures vanquished.

Vanquished Creatures (collateral kills)
  A cane toad (Lair:1)
  A polar bear (Lair:1)
  2 dream sheep (Lair:1)
  A blink frog (Lair:1)
  A yak (D:9)
  A black bear (D:10)
  A kobold brigand (D:10)
  A bullfrog (D:10)
  9 orcs
18 creatures vanquished.

Vanquished Creatures (others)
  An ancestor (D:9)
  3 knights (D:10)
  26 fungi
  39 plants
69 creatures vanquished.

Grand Total: 352 creatures vanquished

Table legend:
 A = Non-vault XP
 B = Vault XP
 C = Vault XP percentage of total XP
 D = Non-vault monster count
 E = Vault monster count
 F = Vault count percentage of total count
                 A         B        C        D         E       F
            +---------+---------+-------+---------+---------+-------
      Total |   13844 |    2434 |  15.0 |     231 |      53 |  18.7
            +---------+---------+-------+---------+---------+-------
        D:1 |      17 |       7 |  29.2 |      11 |       4 |  26.7
        D:2 |      44 |       0 |   0.0 |      17 |       0 |   0.0
        D:3 |      82 |       3 |   3.5 |      21 |       2 |   8.7
        D:4 |     317 |     147 |  31.7 |      15 |      10 |  40.0
        D:5 |     575 |       0 |   0.0 |      25 |       0 |   0.0
        D:6 |     635 |       0 |   0.0 |      16 |       0 |   0.0
        D:7 |    1036 |     407 |  28.2 |      29 |       6 |  17.1
        D:8 |     862 |     224 |  20.6 |      23 |      12 |  34.3
        D:9 |    2347 |     617 |  20.8 |      33 |       1 |   2.9
       D:10 |    4662 |    1011 |  17.8 |      28 |      16 |  36.4
     Lair:1 |    3267 |       0 |   0.0 |      13 |       0 |   0.0
      IceCv |       0 |      18 | 100.0 |       0 |       2 | 100.0
            +---------+---------+-------+---------+---------+-------

Illustrated notes

Table legend:
 A = Kills in this place as a percentage of kills in entire the game.
 B = Kills by you in this place as a percentage of kills by you in the entire game.
 C = Kills by friends in this place as a percentage of kills by friends in the entire game.
 D = Other kills in this place as a percentage of other kills in the entire game.
 E = Experience gained in this place as a percentage of experience gained in the entire game.
 F = Experience gained in this place divided by the number of levels of this place that you have seen.
                   A       B       C       D       E      F
               +-------+-------+-------+-------+-------+----------------------
         Total | 100.0 | 100.0 | 100.0 | 100.0 | 100.0 | 1252.2
       Dungeon |  94.7 |  96.6 |  72.2 |  80.0 |  79.8 | 1299.3
          Lair |   4.6 |   2.7 |  27.8 |  20.0 |  20.1 | 3267.0
      Ice Cave |   0.7 |   0.8 |   0.0 |   0.0 |   0.1 |  18.0
               +-------+-------+-------+-------+-------+----------------------

Table legend: (Time is in decaauts)
 A = Elapsed time spent in this place.
 B = Non-inter-level travel time spent in this place.
 C = Inter-level travel time spent in this place.
 D = Time resting spent in this place.
 E = Time spent auto-exploring this place.
 F = Levels seen in this place.
 G = Mean time per level.
                   A        B        C        D        E       F      G
               +--------+--------+--------+--------+--------+-----+--------+
         Total |  12253 |  11852 |    401 |    879 |   9366 |  13 |  942.5 |
       Dungeon |  11681 |  11297 |    384 |    879 |   8938 |  10 | 1168.1 |
        Temple |    111 |     94 |     17 |      0 |     73 |   1 |  111.0 |
          Lair |    456 |    456 |      0 |      0 |    355 |   1 |  456.0 |
      Ice Cave |      4 |      4 |      0 |      0 |      0 |   1 |    4.0 |
               +--------+--------+--------+--------+--------+-----+--------+

Top non-repeatable levels by time:
     D:5: 1707 daAuts
     D:7: 1656 daAuts
     D:3: 1366 daAuts
     D:4: 1177 daAuts
     D:9: 1128 daAuts
     D:8: 1126 daAuts
     D:1: 1054 daAuts
     D:6: 1033 daAuts
    D:10: 1027 daAuts
  Lair:1: 456 daAuts
     D:2: 403 daAuts
  Temple: 111 daAuts
   IceCv: 4 daAuts
